 Dungeon Crawl Stone Soup version 0.22-a0-433-gd2a9cce (webtiles) character file.

74718 Mgcat the Executioner (level 15, -2/138 (139) HPs)
             Began as a Hill Orc Berserker on May 28, 2018.
             Was a High Priest of Trog.
             Killed from afar by a merfolk aquamancer (20 damage)
             ... with a shard of ice
             ... on level 4 of the Shoals.
             The game lasted 00:52:33 (16637 turns).

Mgcat the Executioner (Hill Orc Berserker)         Turns: 16637, Time: 00:52:34

HP:   -2/138 (139)  AC: 25    Str: 25    XL:     15   Next: 47%
MP:   15/15         EV: 26    Int:  9    God:    Trog [*****.]
Gold: 1505          SH:  4    Dex: 17    Spells: 14/14 levels left

rFire    . . .     SeeInvis .   P - +4 battleaxe (flame)
rCold    . . .     Gourm    .   (shield currently unavailable)
rNeg     . . .     Faith    .   D - +3 ring mail of the Furies {rElec rCorr}
rPois    .         Spirit   .   j - +2 hat
rElec    +         Reflect  +   J - +2 cloak
rCorr    +         Harm     .   z - +4 pair of gloves of Una Fin {Int+2}
MR       +++..                  M - +2 pair of boots
Stlth    +.........             y - +4 amulet of reflection
HPRegen  1.33/turn              H - ring of Phasing {EV+8}
MPRegen  0.14/turn              x - +5 ring of dexterity

@: very slightly contaminated, regenerating
A: no striking features
a: Berserk, Trog's Hand, Brothers in Arms, Renounce Religion


You were on level 4 of the Shoals.
You worshipped Trog.
Trog was extremely pleased with you.
You were not hungry.

You visited 3 branches of the dungeon, and saw 22 of its levels.
You also visited: Ice Cave.

You collected 1802 gold pieces.
You spent 297 gold pieces at shops.

Inventory:

Hand Weapons
 P - a +4 battleaxe of flaming (weapon)
   (You took it off a wight on level 11 of the Dungeon)
Missiles
 o - 3 throwing nets {=f, !d}
Armour
 j - a +2 hat (worn)
   (You found it on level 1 of the Dungeon)
 z - the +4 pair of gloves of Una Fin (worn) {Int+2}
   (You acquired it on level 3 of the Lair of Beasts)

   It affects your intelligence (+2).
 D - the +3 ring mail of the Furies (worn) {rElec rCorr}
   (You found it on level 10 of the Dungeon)

   It insulates you from electricity.
   It protects you from acid and corrosion.
 J - a +2 cloak (worn)
   (You found it on level 10 of the Dungeon)
 M - a +2 pair of boots (worn)
   (You found it on level 10 of the Dungeon)
Jewellery
 g - an uncursed ring of protection from fire {rF+, !d}
   (You found it on level 1 of the Dungeon)
 t - an uncursed ring of flight {+Fly, !d}
   (You found it in an ice cave)
 x - a +5 ring of dexterity (right hand)
   (You found it in an ice cave)
 y - a +4 amulet of reflection (around neck)
   (You bought it in a shop on level 6 of the Dungeon)
 E - an uncursed ring of protection from magic {MR+, !d}
   (You found it in an ice cave)
 H - the ring of Phasing (left hand) {EV+8}
   (You found it on level 9 of the Dungeon)

   [ring of evasion]

   It affects your evasion (+8).
Wands
 A - a wand of acid (12)
   (You found it on level 8 of the Dungeon)
 F - a wand of flame (41)
   (You found it on level 7 of the Dungeon)
 G - a wand of clouds (9)
   (You found it on level 8 of the Dungeon)
 R - a wand of enslavement (7)
   (You found it on level 2 of the Lair of Beasts)
Scrolls
 e - 3 scrolls of teleportation
 h - 11 scrolls of remove curse
 i - 4 scrolls of immolation {!r}
 l - 3 scrolls of fear
 n - 2 scrolls of magic mapping {!r}
 N - 3 scrolls of fog {unknown}
 O - a scroll of blinking {!r}
 S - a scroll of enchant armour
Potions
 b - 2 potions of magic
 d - 5 potions of mutation {!q}
 k - 6 potions of curing
 m - 2 potions of cancellation
 p - 4 potions of ambrosia
 r - 4 potions of flight {unknown}
 s - 4 potions of haste
 u - 3 potions of lignification {!q}
 w - 2 potions of resistance
 B - 2 potions of agility
 C - 2 potions of berserk rage {unknown}
 I - 2 potions of might
 K - a potion of invisibility {unknown}
 Q - 2 potions of heal wounds
Miscellaneous
 a - a phantom mirror
 v - a lightning rod (4/4)
   (You found it on level 11 of the Dungeon)
Comestibles
 c - 23 rations
 f - 6 chunks of flesh {@w0}


   Skills:
 + Level 14.4 Fighting
 + Level 22.4 Axes
 + Level 11.4 Armour
 + Level 9.6 Dodging


You had 14 spell levels left.
You didn't know any spells.
Your spell library was empty.

Dungeon Overview and Level Annotations

Branches:
Dungeon (12/15)            Temple (0/1) D:7            Lair (6/6) D:11
 Shoals (4/4) Lair:4       Spider (0/4) Lair:4        Slime (0/5) Lair:6
    Orc (0/2) D:11

Altars:
Ashenzari
Cheibriados
Fedhas
Gozag
Kikubaaqudgha
Makhleb
Qazlal
Ru
Trog
Vehumet
Wu Jian
Yredelemnul
Jiyva

Shops:
D:6 =*}   D:8 [   D:10 }

Annotations:
D:8 exclusions: oklob plant and oklob sapling
Lair:4 exclusion: oklob plant


Message History

You kill the sea snake!
Trog accepts your kill.
You see here a stone.
You feel yourself speed up.
You feel the effects of Trog's Hand fading.
Items here: ( )) † an uncursed fustibalus; an uncursed quarterstaff; 12 sling bullets a satyr corpse
There is a stone staircase leading up here.
You see here 3 poisoned javelins.
You start resting.
A merfolk aquamancer comes into view. It is wielding a rapier.
You enter the shallow water.
Moving in this stuff is going to be slow.
Your skin stops crawling.
You feel less resistant to hostile enchantments.
Items here: ( )) † an uncursed fustibalus; an uncursed quarterstaff; 12 sling bullets a satyr corpse The merfolk aquamancer casts a spell at you.
The torrent of water reflects off an invisible shield around you!
The torrent of water hits the merfolk aquamancer.
The merfolk aquamancer is knocked back by the torrent of water.
The wave splashes down.
You hear a screech!
You hear a shout!
You hear an angry hiss.
You hear a shout! x3
You hear a screech!
You hear a shout!
You hear a screech!
There is a stone staircase leading up here.
You see here 3 poisoned javelins.
Your skin crawls.
You feel resistant to hostile enchantments.
You feel somewhat more hungry.
You enter the shallow water.
Moving in this stuff is going to be slow.
The merfolk aquamancer casts a spell at you.
The shard of ice hits you!
The merfolk aquamancer gestures at you while chanting.
The torrent of water reflects off an invisible shield around you!
The torrent of water hits the merfolk aquamancer.
The wave splashes down.
You hear a shout! x3
You see here a trident.
The merfolk aquamancer casts a spell at you.
The torrent of water hits you!
The wave splashes down.
You hear a shout!
You hear an angry hiss.
You hear a shout! x3
You hear a screech! x2; You hear a shout!
The merfolk aquamancer hits you but does no damage.
The merfolk aquamancer casts a spell at you.
The shard of ice hits you!
* * * LOW HITPOINT WARNING * * *
You hit the merfolk aquamancer. You burn the merfolk aquamancer.
The merfolk aquamancer is almost dead.
A merfolk javelineer comes into view. It is wielding a spear.
Your unstable footing causes you to fumble your attack.
The merfolk aquamancer closely misses you.
Okay, then.
Unknown command.
Unknown command.
Unknown command.
Unknown command.
A harpy comes into view.
The merfolk javelineer throws a javelin.
The javelin hits you but does no damage.
You hear a splash.
A merfolk javelineer comes into view. It is wielding a spear of venom.
The merfolk aquamancer gestures at you while chanting.
The torrent of water misses you.
The wave splashes down.
The merfolk javelineer throws a javelin of penetration.
The javelin of penetration pierces through you!!
* * * LOW HITPOINT WARNING * * *
You hear a splash.
The harpy moves out of view.
You hear a screech! x3
Things that are here:
a javelin of penetration; a javelin Unknown command.
Unknown command.
Unknown command.
Unknown command.
Unknown command.
Unknown command.
Really read
O - 2 scrolls of blinking {!r}?
Blink to where?
Press: ? - help, Dir - move target cursor
Okay, then.
Unknown command.
Unknown command.
Unknown command.
Unknown command.
Unknown command.
Unknown command.
Really read
O - 2 scrolls of blinking {!r}?
Blink to where?
Press: ? - help, Dir - move target cursor You are very lightly contaminated with residual magic.
As you read the scroll of blinking {!r}, it crumbles to dust.
A merfolk aquamancer comes into view.
It is wielding a rapier of electrocution.
You recover from your berserk rage.
The merfolk aquamancer casts a spell at you.
The shard of ice hits you!
You die...

......≈≈≈≈≈≈≈≈≈≈≈≈≈≈≈≈≈≈≈≈≈≈≈≈≈≈≈
......≈≈≈≈≈≈≈≈≈≈PPPP≈≈≈≈≈≈≈≈≈≈≈≈≈
......≈≈≈≈≈≈≈≈≈≈≈PPP≈≈÷≈≈≈≈≈≈≈≈≈≈
......≈≈≈≈≈≈≈≈≈≈)≈≈≈≈≈÷≈≈≈≈≈≈≈≈≈≈
.......m≈≈≈≈≈≈≈≈≈≈≈≈)≈)≈≈≈≈(≈≈≈≈≈
.......≈≈≈≈≈≈≈≈((≈(≈≈≈≈((≈....≈≈≈
.......≈≈≈≈≈≈≈m≈≈≈≈≈()≈######.≈≈≈
.......≈#######)≈≈((≈≈## #≈≈≈
.......## ##@≈(≈≈## #.. ......##
##)≈≈≈# #. ......# #≈(≈≈# ≈
......# #)))≈# ......# #≈)m≈#
......# #≈≈≈≈# ......# #m≈≈≈#
.......# #≈≈≈≈≈# ........#
≈≈≈≈≈≈≈#


You could see a merfolk javelineer and 2 merfolk aquamancers.

Vanquished Creatures
  A merfolk javelineer (Shoals:4)
  A merfolk impaler (Shoals:4)
  2 alligator snapping turtles (Shoals:4)
  Erica (D:8)
  5 hydras
  A catoblepas (Lair:6)
  A merfolk avatar (Shoals:4)
  2 ice dragons (IceCv)
  4 two-headed ogres
  A satyr (Shoals:4)
  A deep troll shaman (Lair:6)
  3 merfolk aquamancers (Shoals:4)
  8 death yaks (Lair:6)
  Urug (D:10)
  2 sea snakes (Shoals:4)
  5 harpies (Shoals:4)
  A lindwurm (Lair:6)
  2 cyclopes
  3 oklob plants (Lair:3)
  2 manticores
  8 fauns
  A merfolk siren (Shoals:4)
  22 elephants
  Joseph (D:7)
  2 ice statues (IceCv)
  The ghost of MisterFreud the Slicer, a novice KoBe of Trog (D:5)
  6 black mambas
  2 water nymphs (Shoals:4)
  8 spiny frogs
  4 komodo dragons
  5 torpor snails
  4 rime drakes
  5 polar bears (Lair:4)
  A wind drake (Shoals:1)
  7 merfolk
  Grinder (D:5)
  Prince Ribbit (D:8)
  4 dream sheep (Shoals:1)
  3 hornets
  26 blink frogs
  7 hippogriffs
  3 snapping turtles
  A redback (Lair:4)
  2 water elementals
  A wraith (D:11)
  A wyvern (D:11)
  A shadow (D:11)
  2 basilisks
  23 yaks
  The ghost of Kairos the Skirmisher, an amateur HOMo (D:3)
  A hungry ghost (D:11)
  Grum (D:8)
  4 swamp worms (D:10)
  12 water moccasins
  8 porcupines
  8 orc warriors
  5 black bears
  A sky beast (D:11)
  15 ice beasts
  3 phantoms
  4 necrophages
  9 wolves
  An eye of draining (D:11)
  3 ogres
  4 centaurs
  12 crocodiles
  15 bullfrogs
  A water moccasin zombie (D:5)
  A wyvern skeleton (D:6)
  4 scorpions
  3 wights (D:11)
  3 howler monkeys (D:7)
  8 electric eels (D:10)
  2 bullfrog zombies
  5 jellies
  8 crimson imps
  3 hounds
  3 orc priests
  13 orc wizards
  A bullfrog skeleton (D:12)
  6 iguanas
  7 worker ants
  Natasha (thrice) (D:4)
  3 hound zombies
  2 howler monkey zombies
  4 worker ant zombies
  3 gnolls (D:5)
  17 adders
  2 shadow imps
  An ooze (D:1)
  An adder skeleton (D:7)
  4 worms
  A dart slug (D:2)
  2 leopard geckos
  56 orcs
  A bat zombie (D:4)
  7 giant cockroaches
  6 goblins
  6 hobgoblins
  4 jackals (D:3)
  7 quokkas
  9 ball pythons
  7 bats
  4 frilled lizards
  A jackal skeleton (D:5)
  A jackal zombie (D:6)
  9 kobolds
  11 rats
  2 fungi
  9 plants
558 creatures vanquished.

Vanquished Creatures (others)
  6 fungi (Lair:6)
  11 plants
17 creatures vanquished.

Grand Total: 575 creatures vanquished

Notes
Turn   | Place    | Note
-------+----------+-------------------------------------------
     0 | D:1      | Mgcat the Hill Orc Berserker began the quest for the Orb.
     0 | D:1      | Reached XP level 1. HP: 19/19 MP: 1/1
    24 | D:1      | HP: 1/19 [kobold/whip (5)]
   452 | D:1      | Reached XP level 2. HP: 26/26 MP: 2/2
   890 | D:1      | Reached skill level 5 in Axes
  1113 | D:2      | Found a burning altar of Makhleb.
  1176 | D:2      | Reached XP level 3. HP: 17/31 MP: 3/3
  1335 | D:2      | Found a radiant altar of Vehumet.
  1528 | D:2      | Reached ** piety under Trog
  1610 | D:2      | Reached skill level 6 in Axes
  1666 | D:2      | Reached XP level 4. HP: 39/39 MP: 4/4
  2019 | D:3      | Found a basalt altar of Yredelemnul.
  2076 | D:3      | Reached skill level 7 in Axes
  2107 | D:3      | Noticed Kairos's ghost (amateur HOMo)
  2211 | D:3      | Reached XP level 5. HP: 45/45 MP: 5/5
  2429 | D:3      | Reached skill level 8 in Axes
  2549 | D:3      | Killed Kairos's ghost
  2549 | D:3      | Reached skill level 9 in Axes
  2549 | D:3      | Reached XP level 6. HP: 51/51 MP: 6/6
  2752 | D:4      | Reached *** piety under Trog
  2792 | D:4      | Noticed Natasha
  2802 | D:4      | Killed Natasha
  2818 | D:4      | Reached skill level 10 in Axes
  2818 | D:4      | Reached XP level 7. HP: 57/57 MP: 7/7
  2873 | D:4      | Noticed Natasha
  2880 | D:4      | Killed Natasha
  2925 | D:4      | Found a bloodstained altar of Trog.
  2952 | D:4      | Reached skill level 11 in Axes
  3244 | D:4      | Found an ancient bone altar of Kikubaaqudgha.
  3279 | D:4      | Noticed Natasha
  3287 | D:4      | Killed Natasha
  3327 | D:4      | Found a snail-covered altar of Cheibriados.
  3395 | D:5      | Entered Level 5 of the Dungeon
  3411 | D:5      | Noticed Grinder
  3437 | D:5      | Found a shattered altar of Ashenzari.
  3448 | D:5      | Paralysed by Grinder for 3 turns
  3463 | D:5      | Killed Grinder
  3463 | D:5      | Reached skill level 12 in Axes
  3463 | D:5      | Reached XP level 8. HP: 64/64 MP: 8/8
  3483 | D:5      | Noticed a hippogriff
  3499 | D:5      | Killed a hippogriff
  3642 | D:5      | Reached skill level 13 in Axes
  3839 | D:5      | Noticed MisterFreud's ghost (novice KoBe)
  3867 | D:5      | Killed MisterFreud's ghost
  3867 | D:5      | Reached skill level 14 in Axes
  3867 | D:5      | Reached XP level 9. HP: 70/70 MP: 9/9
  3927 | D:5      | Found a sacrificial altar of Ru.
  4006 | D:6      | Reached skill level 4 in Fighting
  4041 | D:6      | Reached skill level 5 in Fighting
  4154 | D:6      | Found Xaymaughet's Jewellery Emporium.
  4158 | D:6      | Reached **** piety under Trog
  4210 | D:6      | Bought a +4 amulet of reflection for 297 gold pieces
  4295 | D:6      | Reached skill level 3 in Armour
  4297 | D:6      | Reached skill level 4 in Armour
  4488 | D:6      | Found Eblerij's Gadget Shop.
  4553 | D:6      | Found Tashrexi's Assorted Antiques.
  4631 | D:7      | Reached skill level 5 in Armour
  4698 | D:7      | Reached skill level 2 in Dodging
  4729 | D:7      | Reached skill level 3 in Dodging
  4736 | D:7      | Noticed Joseph
  4748 | D:7      | Killed Joseph
  4748 | D:7      | Reached skill level 4 in Dodging
  4975 | D:7      | Found a staircase to the Ecumenical Temple.
  5049 | D:7      | Found a bloodstained altar of Trog.
  5052 | D:7      | Reached skill level 5 in Dodging
  5054 | D:7      | Reached XP level 10. HP: 81/81 MP: 10/10
  5221 | D:8      | Noticed Grum
  5248 | D:8      | Reached skill level 15 in Axes
  5254 | D:8      | Killed Grum
  5348 | D:8      | Noticed Prince Ribbit
  5352 | D:8      | Killed Prince Ribbit
  5514 | D:8      | Noticed Erica
  5530 | D:8      | Killed Erica
  5530 | D:8      | Reached skill level 16 in Axes
  5566 | D:8      | Found an ornate altar of the Wu Jian Council.
  5633 | D:8      | Noticed a two-headed ogre
  5641 | D:8      | Killed a two-headed ogre
  5717 | D:8      | Paralysed by a hornet for 1 turns
  5857 | D:8      | Found a stormy altar of Qazlal.
  6003 | D:8      | Found Gilets's Armour Shop.
  6141 | D:8      | Found a blossoming altar of Fedhas.
  6378 | D:8      | Noticed an oklob plant
  6475 | D:9      | Reached skill level 17 in Axes
  6773 | D:9      | Found a viscous altar of Jiyva.
  6821 | D:9      | Noticed a two-headed ogre
  6827 | D:9      | Killed a two-headed ogre
  6827 | D:9      | Reached XP level 11. HP: 77/86 MP: 11/11
  6918 | D:9      | Found the ring of Phasing {EV+8}
  6992 | D:9      | Reached skill level 18 in Axes
  6998 | D:9      | Found an opulent altar of Gozag.
  7164 | D:9      | Reached ***** piety under Trog
  7296 | D:10     | Entered Level 10 of the Dungeon
  7560 | D:10     | Noticed Urug
  7575 | D:10     | Killed Urug
  7844 | D:10     | Noticed a two-headed ogre
  7860 | D:10     | Killed a two-headed ogre
  7860 | D:10     | Reached skill level 19 in Axes
  7923 | D:10     | Got a transparent ring mail
  7934 | D:10     | Identified the +3 ring mail of the Furies {rElec rCorr} (You found it on level 10 of the Dungeon)
  7951 | D:10     | Found Amunota's Gadget Emporium.
  8463 | D:11     | Found a staircase to the Lair.
  8600 | D:11     | Found a snail-covered altar of Cheibriados.
  8798 | D:11     | Noticed a two-headed ogre
  8815 | D:11     | Killed a two-headed ogre
  8815 | D:11     | Reached skill level 20 in Axes
  8858 | D:11     | Noticed a cyclops
  8871 | D:11     | Killed a cyclops
  8871 | D:11     | Reached skill level 6 in Fighting
  8939 | D:11     | Reached XP level 12. HP: 96/96 MP: 12/12
  9048 | D:11     | Reached skill level 7 in Fighting
  9127 | D:11     | Found a staircase to the Orcish Mines.
  9347 | D:11     | You fall through a shaft!
  9429 | Lair:1   | Entered Level 1 of the Lair of Beasts
  9437 | Lair:1   | Reached skill level 8 in Fighting
  9542 | Lair:1   | Reached skill level 9 in Fighting
  9844 | Lair:1   | Found a frozen archway.
  9867 | IceCv    | Entered an ice cave
  9941 | IceCv    | Reached skill level 10 in Fighting
 10040 | IceCv    | Noticed an ice dragon
 10044 | IceCv    | Noticed an ice dragon
 10048 | IceCv    | Killed an ice dragon
 10052 | IceCv    | Killed an ice dragon
 10838 | Lair:2   | Reached skill level 6 in Armour
 10853 | Lair:2   | Found a snail-covered altar of Cheibriados.
 11173 | Lair:3   | Reached skill level 6 in Dodging
 11230 | Lair:3   | Reached skill level 11 in Fighting
 11230 | Lair:3   | Reached XP level 13. HP: 115/115 MP: 13/13
 11497 | Lair:3   | Reached skill level 7 in Armour
 11773 | Lair:3   | Identified a scroll of acquirement
 11774 | Lair:3   | Got a pair of scorched gloves
 11785 | Lair:3   | Identified the +4 pair of gloves of Una Fin {Int+2} (You acquired it on level 3 of the Lair of Beasts)
 12352 | Lair:4   | Found a staircase to the Shoals.
 12483 | Lair:4   | Found a hole to the Spider Nest.
 12491 | Lair:4   | Received a gift from Trog
 12781 | Lair:4   | Reached skill level 7 in Dodging
 12907 | Lair:4   | Reached skill level 21 in Axes
 12941 | Lair:4   | Reached skill level 8 in Armour
 12949 | Lair:4   | Reached skill level 12 in Fighting
 13866 | Lair:5   | You fall through a shaft!
 13866 | Lair:6   | Entered Level 6 of the Lair of Beasts
 13887 | Lair:6   | Reached XP level 14. HP: 126/126 MP: 14/14
 13890 | Lair:6   | Reached skill level 9 in Armour
 14018 | Lair:6   | Reached skill level 8 in Dodging
 14087 | Lair:6   | Reached skill level 13 in Fighting
 14372 | Lair:6   | Found a staircase to the Slime Pits.
 14395 | Lair:6   | Reached skill level 10 in Armour
 14417 | Lair:6   | Got a bronze chain mail
 14428 | Lair:6   | Identified the +0 chain mail "Bylialeu" {rElec} (You found it on level 6 of the Lair of Beasts)
 14940 | Lair:6   | Reached ****** piety under Trog
 15554 | Shoals:1 | Entered Level 1 of the Shoals
 15609 | Shoals:1 | Reached skill level 22 in Axes
 15654 | Shoals:2 | Reached skill level 9 in Dodging
 15741 | Shoals:2 | Reached XP level 15. HP: 100/136 MP: 15/15
 16028 | Shoals:4 | Entered Level 4 of the Shoals
 16249 | Shoals:4 | Reached skill level 14 in Fighting
 16258 | Shoals:4 | Received a gift from Trog
 16272 | Shoals:4 | Reached skill level 11 in Armour
 16632 | Shoals:4 | HP: 32/138 [merfolk aquamancer/shard of ice (34)]
 16635 | Shoals:4 | HP: 15/138 [merfolk javelineer/javelin of penetration (21)]
 16637 | Shoals:4 | Killed from afar by a merfolk aquamancer

Vault maps used:
D:1:      elethiomel_arrival_quiet, minivault_23, minmay_hexomino_u4
D:2:      kennysheep_six_static_rooms, nicolae_overflow_crystal_walls,
          lemuel_crystal_altar, minmay_cupped
D:3:      overflow_temple_1_default, first_ration
D:4:      lemuel_zombie_altar_kikubaaqudgha, lemuel_coloured_pillars_altar,
          trog_three_pillars_becter, uniq_natasha
D:5:      kennysheep_little_box, ashenzari_altar_1, uniq_grinder
D:6:      serial_shops, shop, shop, shop, hex_intersection
D:7:      trog_ov_bears_minmay, temple_hall, grunt_ogre_cave,
          kennysheep_nondescript, kennysheep_generic_room_5, uniq_joseph
D:8:      lemuel_round_altar, marbit_many_paths, serial_shops, shop,
          introduction_to_nature_2, uniq_erica, uniq_grum, uniq_prince_ribbit1
D:9:      basic_altar, eino_tiny_chamber, jiyva_altar_1
D:10:     serial_shops, shop_statue, worms_lemuel, uniq_urug
D:11:     lair_entry_dummy, david_orc_4, basic_altar
D:12:     minmay_the_grid_square_5x5_3x3, serial_aquarium,
          aquarium_bridge_long_joined, aquarium_bridge_square,
          aquarium_window_corner, aquarium_window_2, aquarium_window_2,
          aquarium_view_2a, aquarium_view_2f, aquarium_balcony_5b, uniq_snorg,
          uniq_sonja
Lair:1:   portal_ice_cave_entry_pillars_1, st_stairs_8
Lair:2:   kennysheep_snail_temple
Lair:3:   dpeg_oklob_gauntlet
Lair:4:   shoals_dummy_entry, spider_nest_entry_rubble,
          cheibrodos_lair_lostbears, lemuel_fruit_tree, lemuel_fruit_fields
Lair:5:   serial_bayou_shore_b
Lair:6:   grunt_lair_end_beastmaster, slime_dummy
Shoals:2: uniq_roxanne
Shoals:3: cheibrodos_shoals_satyrical_garden
Shoals:4: shoals_end_hangedman, shoals_ilsuiw_alternative
IceCv:    ice_cave_small_dragons

Skill      XL: |  1  2  3  4  5  6  7  8  9 10 11 12 13 14 15 |
---------------+----------------------------------------------+-----
Axes           | 5 6 7 9 10 12 14 17 20 21 22 | 22.4
Fighting       | 5 6 11 12 13 14 | 14.4
Armour         | 5 6 8 10 11 | 11.4
Dodging        | 5 6 7 9 |  9.6

Action                   |  1- 3 |  4- 6 |  7- 9 | 10-12 | 13-15 || total
-------------------------+-------+-------+-------+-------+-------++-------
Melee: Hand axe          |   142 |   163 |   268 |       |       ||   573
       Battleaxe         |       |       |   106 |   592 |   621 ||  1319
Invok: Berserk           |     1 |     4 |     9 |    22 |     8 ||    44
       Trog's Hand       |       |     1 |     4 |     6 |    11 ||    22
Evoke: Wand              |       |       |       |     6 |    21 ||    27
  Use: Scroll            |       |       |     9 |    14 |    14 ||    37
  Eat: Chunk             |     4 |     6 |    14 |    39 |    19 ||    82
       Ration            |       |       |     1 |     1 |     3 ||     5
Armor: Animal skin       |    13 |       |       |       |       ||    13
       Chain mail        |    53 |    71 |    15 |       |       ||   139
       Plate armour      |       |       |   168 |    81 |       ||   249
       Ring mail         |       |       |       |    28 |   159 ||   187
Dodge: Dodged            |    75 |    67 |    89 |   259 |   524 ||  1014
Block: Other             |       |       |    15 |    66 |    86 ||   167
       Reflection        |       |       |     1 |     2 |     6 ||     9

Table legend:
 A = Spawn XP
 B = Non-spawn XP
 C = Spawn XP percentage of total XP
 D = Spawn monster count
 E = Non-spawn monster count
 F = Spawn count percentage of total count
 G = Total turns spent on level
                    A         B        C        D         E        F      G
               +---------+---------+-------+---------+---------+-------+---------
         Total |       0 |  106740 |   0.0 |       0 |     547 |   0.0 | 16637
               +---------+---------+-------+---------+---------+-------+---------
           D:1 |       0 |      31 |   0.0 |       0 |      19 |   0.0 |  1085
           D:2 |       0 |      61 |   0.0 |       0 |      25 |   0.0 |   934
           D:3 |       0 |     368 |   0.0 |       0 |      31 |   0.0 |   696
           D:4 |       0 |     557 |   0.0 |       0 |      28 |   0.0 |   680
           D:5 |       0 |    1379 |   0.0 |       0 |      22 |   0.0 |   599
           D:6 |       0 |     839 |   0.0 |       0 |      27 |   0.0 |   632
           D:7 |       0 |    1836 |   0.0 |       0 |      23 |   0.0 |   595
           D:8 |       0 |    3218 |   0.0 |       0 |      25 |   0.0 |  1239
           D:9 |       0 |    2133 |   0.0 |       0 |      28 |   0.0 |   836
          D:10 |       0 |    4313 |   0.0 |       0 |      33 |   0.0 |  1152
          D:11 |       0 |    5017 |   0.0 |       0 |      43 |   0.0 |   973
          D:12 |       0 |      39 |   0.0 |       0 |       1 |   0.0 |     8
        Lair:1 |       0 |    2875 |   0.0 |       0 |      13 |   0.0 |   660
        Lair:2 |       0 |    2269 |   0.0 |       0 |       7 |   0.0 |   655
        Lair:3 |       0 |    6496 |   0.0 |       0 |      24 |   0.0 |  1065
        Lair:4 |       0 |    9666 |   0.0 |       0 |      34 |   0.0 |   985
        Lair:5 |       0 |    4907 |   0.0 |       0 |      19 |   0.0 |  1030
        Lair:6 |       0 |   30595 |   0.0 |       0 |      78 |   0.0 |  1311
      Shoals:1 |       0 |    2855 |   0.0 |       0 |       9 |   0.0 |   146
      Shoals:2 |       0 |    3248 |   0.0 |       0 |       8 |   0.0 |   194
      Shoals:3 |       0 |     238 |   0.0 |       0 |       1 |   0.0 |   367
      Shoals:4 |       0 |   18512 |   0.0 |       0 |      29 |   0.0 |   376
         IceCv |       0 |    5288 |   0.0 |       0 |      20 |   0.0 |   419
               +---------+---------+-------+---------+---------+-------+---------

Vault maps used:
D:1:      elethiomel_arrival_quiet, minivault_23, minmay_hexomino_u4
D:2:      kennysheep_six_static_rooms, nicolae_overflow_crystal_walls,
          lemuel_crystal_altar, minmay_cupped
D:3:      overflow_temple_1_default, first_ration
D:4:      lemuel_zombie_altar_kikubaaqudgha, lemuel_coloured_pillars_altar,
          trog_three_pillars_becter, uniq_natasha
D:5:      kennysheep_little_box, ashenzari_altar_1, uniq_grinder
D:6:      serial_shops, shop, shop, shop, hex_intersection
D:7:      trog_ov_bears_minmay, temple_hall, grunt_ogre_cave,
          kennysheep_nondescript, kennysheep_generic_room_5, uniq_joseph
D:8:      lemuel_round_altar, marbit_many_paths, serial_shops, shop,
          introduction_to_nature_2, uniq_erica, uniq_grum, uniq_prince_ribbit1
D:9:      basic_altar, eino_tiny_chamber, jiyva_altar_1
D:10:     serial_shops, shop_statue, worms_lemuel, uniq_urug
D:11:     lair_entry_dummy, david_orc_4, basic_altar
D:12:     minmay_the_grid_square_5x5_3x3, serial_aquarium,
          aquarium_bridge_long_joined, aquarium_bridge_square,
          aquarium_window_corner, aquarium_window_2, aquarium_window_2,
          aquarium_view_2a, aquarium_view_2f, aquarium_balcony_5b, uniq_snorg,
          uniq_sonja
Lair:1:   portal_ice_cave_entry_pillars_1, st_stairs_8
Lair:2:   kennysheep_snail_temple
Lair:3:   dpeg_oklob_gauntlet
Lair:4:   shoals_dummy_entry, spider_nest_entry_rubble,
          cheibrodos_lair_lostbears, lemuel_fruit_tree, lemuel_fruit_fields
Lair:5:   serial_bayou_shore_b
Lair:6:   grunt_lair_end_beastmaster, slime_dummy
Shoals:2: uniq_roxanne
Shoals:3: cheibrodos_shoals_satyrical_garden
Shoals:4: shoals_end_hangedman, shoals_ilsuiw_alternative
IceCv:    ice_cave_small_dragons

Table legend:
 A = Turns spent in this place as a percentage of turns spent in the entire game.
 B = Non-inter-level travel turns spent in this place as a percentage of non-inter-level travel turns spent in the entire game.
 C = Inter-level travel turns spent in this place as a percentage of turns spent in this place.
 D = Turns resting spent in this place as a percentage of non-inter-level travel turns spent in this place.
 E = Turns spent auto-exploring this place as a percentage of non-inter-level travel turns spent in this place.
 F = Non-inter-level travel turns spent in this place divided by the number of levels of this place that you've seen.
                   A       B       C       D       E      F
               +-------+-------+-------+-------+-------+----------------------
         Total | 100.0 | 100.0 |   3.4 |   8.4 |  64.8 | 699.0
       Dungeon |  56.7 |  56.4 |   3.9 |   5.1 |  68.8 | 755.3
          Lair |  34.3 |  34.3 |   3.4 |   5.0 |  73.0 | 918.3
        Shoals |   6.5 |   6.7 |   0.0 |  52.0 |   5.7 | 270.8
      Ice Cave |   2.5 |   2.6 |   0.0 |  11.5 |  24.3 | 419.0
               +-------+-------+-------+-------+-------+----------------------

Table legend:
 A = Kills in this place as a percentage of kills in entire the game.
 B = Kills by you in this place as a percentage of kills by you in the entire game.
 C = Kills by friends in this place as a percentage of kills by friends in the entire game.
 D = Other kills in this place as a percentage of other kills in the entire game.
 E = Experience gained in this place as a percentage of experience gained in the entire game.
 F = Experience gained in this place divided by the number of levels of this place that you have seen.
                   A       B       C       D       E      F
               +-------+-------+-------+-------+-------+----------------------
         Total | 100.0 | 100.0 |   N/A |   N/A | 100.0 | 4640.9
       Dungeon |  55.8 |  55.8 |   N/A |   N/A |  18.5 | 1649.2
          Lair |  32.0 |  32.0 |   N/A |   N/A |  53.2 | 9468.0
        Shoals |   8.6 |   8.6 |   N/A |   N/A |  23.3 | 6213.2
      Ice Cave |   3.7 |   3.7 |   N/A |   N/A |   5.0 | 5288.0
               +-------+-------+-------+-------+-------+----------------------
